 Dungeon Crawl Stone Soup version 0.23-a0-619-g281719c (console) character file.

537 Duffy the Chopper (level 7, 5/62 HPs)
             Began as a Naga Fighter on Dec 22, 2018.
             Quit the game on level 4 of the Dungeon.
             The game lasted 00:03:04 (2464 turns).

Duffy the Chopper (Naga Fighter)                    Turns: 2464, Time: 00:03:05

Health: 5/62       AC:  5    Str: 25    XL:     7   Next: 25%
Magic:  7/7        EV:  6    Int:  8    God:
Gold:   68         SH: 10    Dex: 11    Spells: 6/6 levels left

rFire    . . .     SeeInvis +   a - +0 war axe
rCold    . . .     Gourm    .   c - +0 shield
rNeg     . . .     Faith    .   b - +0 scale mail
rPois    +         Spirit   .   (no helmet)
rElec    .         Reflect  .   (no cloak)
rCorr    .         Harm     .   (no gloves)
MR       +....                  (no barding)
Stlth    ..........             (no amulet)
HPRegen  0.20/turn              n - ring of protection from magic
MPRegen  0.10/turn              (no ring)

@: mighty, quite poisoned (5 -> 3), very slow
A: large, see invisible, deformed body, poison resistance, slowness 2, slow
metabolism 1, spit poison 1, AC +2
a: Spit Poison


You were on level 4 of the Dungeon.
You were not hungry.

You visited 1 branch of the dungeon, and saw 4 of its levels.
You also visited: Sewer.

You collected 68 gold pieces.

Inventory:

Hand Weapons
 a - a +0 war axe (weapon)
 k - a +0 blowgun
Armour
 b - a +0 scale mail (worn)
 c - a +0 shield (worn)
Jewellery
 n - a ring of protection from magic (left hand)
Scrolls
 e - a scroll of enchant weapon {unknown}
 j - a scroll of fear {unknown}
 l - 3 scrolls of teleportation {unknown}
 o - a scroll of enchant armour {unknown}
Potions
 g - a potion of brilliance {unknown}
 h - 2 potions of haste {unknown}
 i - a potion of cancellation {unknown}
Comestibles
 f - 3 rations


   Skills:
 - Level 3.0 Fighting
 + Level 5.5 Axes
 - Level 2.4 Armour
 + Level 5.0 Shields


You had 6 spell levels left.
You didn't know any spells.
Your spell library was empty.

Dungeon Overview and Level Annotations

Branches:
Dungeon (4/15)
 Temple: D:4-7

Altars:


Innate Abilities, Weirdness & Mutations

You cannot wear boots.
Your serpentine skin is tough. (AC +2)
You have supernaturally acute eyesight. (SInv)
Armour fits poorly on your strangely shaped body.
Your system is resistant to poisons. (rPois)
You cover ground very slowly.
You have a slow metabolism.
You can spit poison.


Message History

You are too injured to fight recklessly!
You are too injured to fight recklessly!
You are too injured to fight recklessly!
You are too injured to fight recklessly!
You are too injured to fight recklessly!
You are too injured to fight recklessly!
You are too injured to fight recklessly!
You are too injured to fight recklessly!
You are too injured to fight recklessly!
You hit the gnoll.
The gnoll is moderately wounded.
You block the gnoll's attack. The gnoll hits you with a +0 flail!
You slash the gnoll!
You kill the gnoll!
You block the gnoll's attack. The worker ant bites you.
You are poisoned.
The worker ant poisons you!
You barely miss the worker ant.
You feel sick. You block the gnoll's attack. The worker ant barely misses you.
Are you sure you want to abandon this character and quit the game? (Confirm #.#..#.# ##.## #......##........<####...###### ##...<...+.........+............ #.....####.%.......#.##...##.### #.##.## ....... # ##.###.# #.#### ..... #.###.# #.# ggo

#.....# #.# #a#
#(######..# #.#
########@# #.........#
#.# #........#
########.## #.#
#.######.############.#
#.# #.#
##...............# #.#
##.....############ #.#
#......#
..####.###.#...##
............##.##
#######........#


You could see a worker ant, 2 gnolls and an orc.

Vanquished Creatures
  An ogre (D:3)
  3 big kobolds (Sewer)
  An orc priest (D:3)
  A worker ant (D:4)
  2 gnolls (D:4)
  8 adders
  2 river rats (Sewer)
  6 oozes (Sewer)
  2 worms (D:3)
  A dart slug (D:2)
  A leopard gecko (D:1)
  3 orcs
  3 bats
  2 giant cockroaches
  6 goblins
  2 hobgoblins
  8 kobolds
  4 ball pythons
  2 frilled lizards
  7 rats
65 creatures vanquished.

Notes
Turn   | Place    | Note
-------+----------+-------------------------------------------
     0 | D:1      | Duffy the Naga Fighter began the quest for the Orb.
     0 | D:1      | Reached XP level 1. HP: 21/21 MP: 1/1
   233 | D:2      | Reached XP level 2. HP: 11/28 MP: 2/2
   466 | D:2      | Reached XP level 3. HP: 30/34 MP: 3/3
   578 | D:3      | Found a glowing drain.
   638 | Sewer    | Entered a sewer
   769 | Sewer    | Reached XP level 4. HP: 41/42 MP: 4/4
  1193 | Sewer    | Noticed a big kobold
  1215 | Sewer    | Killed a big kobold
  1215 | Sewer    | Reached XP level 5. HP: 21/49 MP: 5/5
  1594 | Sewer    | Noticed a big kobold
  1606 | Sewer    | Killed a big kobold
  1606 | Sewer    | Reached XP level 6. HP: 55/56 MP: 6/6
  1660 | Sewer    | Reached skill level 5 in Axes
  2034 | D:3      | Reached XP level 7. HP: 25/62 MP: 7/7
  2405 | D:4      | Reached skill level 5 in Shields
  2464 | D:4      | Quit the game

Vault maps used:
D:1:      eino_arrival_cavern_a, wad_floor_pattern_untrapped, minmay_vboxes
D:2:      first_ration, chequers_ecumenical_altar_grove,
          kennysheep_generic_room_6
D:3:      portal_sewer_entry_d
D:4:      serial_shops, shop
Sewer:    sewer_co_tree

Skill      XL: |  1  2  3  4  5  6  7 |
---------------+----------------------+-----
Shields        | 3 4 5 |  5.0
Axes           | 3 4 5 |  5.5
Fighting       | |  3.0
Armour         | |  2.4

Action                   |  1- 3 |  4- 6 |  7- 9 || total
-------------------------+-------+-------+-------++-------
Melee: War axe           |    45 |   158 |    22 ||   225
 Abil: Spit Poison       |    10 |    10 |     3 ||    23
  Use: Potion            |       |       |     1 ||     1
  Eat: Chunk             |       |     4 |     1 ||     5
Armor: Scale mail        |    17 |    46 |     1 ||    64
Dodge: Dodged            |    11 |    37 |     5 ||    53
Block: Shield            |    27 |    85 |    18 ||   130

Table legend:
 A = Non-vault XP
 B = Vault XP
 C = Vault XP percentage of total XP
 D = Non-vault monster count
 E = Vault monster count
 F = Vault count percentage of total count
                 A         B        C        D         E       F
            +---------+---------+-------+---------+---------+-------
      Total |     300 |     468 |  60.9 |      32 |      33 |  50.8
            +---------+---------+-------+---------+---------+-------
        D:1 |       9 |       0 |   0.0 |       5 |       0 |   0.0
        D:2 |      38 |      10 |  20.8 |      10 |       4 |  28.6
        D:3 |     186 |      13 |   6.5 |      12 |       1 |   7.7
        D:4 |      67 |       0 |   0.0 |       5 |       0 |   0.0
      Sewer |       0 |     445 | 100.0 |       0 |      28 | 100.0
            +---------+---------+-------+---------+---------+-------
